 Dungeon Crawl Stone Soup version 0.30.1-3-gfc49f6343a (webtiles) character file.

Game seed: 10083985335664986670

3331 H0rd4k the Covert (level 10, -5/61 HPs)
             Began as an Octopode Artificer on July 19, 2023.
             Was an Initiate of Gozag.
             Slain by a killer bee (9 damage)
             ... on level 7 of the Dungeon.
             The game lasted 00:11:44 (8540 turns).

H0rd4k the Covert (Octopode Artificer)              Turns: 8540, Time: 00:11:44

Health: -5/61      AC:  1    Str: 13    XL:     10   Next: 2%
Magic:  10/10      EV: 14    Int: 17    God:    Gozag
Gold:   820        SH:  0    Dex: 12    Spells: 9/9 levels left

rFire   + .          .
                       - Unarmed
rCold   + . .        (no shield)
rNeg    . . .        (helmet restricted)
rPois   .            C - amulet of magic regeneration
rElec   .            k - ring of protection from fire
rCorr   .            s - ring of protection from cold
SInv    .            (no ring)
Will    .....        (no ring)
Stlth   +++++        (no ring)
HPRegen 0.30/turn    (no ring)
MPRegen 0.52/turn    (no ring)
                     (no ring)

%: no passive effects
@: lethally poisoned (-5 -> -25)
A: almost no armour, amphibious, 8 rings, camouflage 1, gelatinous body 1,
(nimble swimmer 1), tentacles
a: Renounce Religion, Potion Petition, Call Merchant, Bribe Branch


You were on level 7 of the Dungeon.
You worshipped Gozag.
Gozag was pleased with you.
You visited 1 branch of the dungeon, and saw 8 of its levels.

You collected 866 gold pieces.
You paid 46 gold pieces to Gozag.

Inventory:

Missiles
 r - 7 poisoned darts
 u - 2 throwing nets
 D - 6 atropa-tipped darts
Armour
 v - an orb of energy
Magical Staves
 A - a staff of cold
Jewellery
 k - a ring of protection from fire (left tentacle)
 s - a ring of protection from cold (right tentacle)
 C - an amulet of magic regeneration (around mantle)
Wands
 c - a wand of charming (2)
 m - a wand of flame (15) (quivered)
Scrolls
 g - 2 scrolls of summoning
 j - 2 scrolls of teleportation
 n - a scroll of vulnerability
 x - a scroll of fog
 y - 2 scrolls of noise
 z - a scroll of enchant armour
Potions
 a - 6 potions of curing
 b - a potion of resistance {unknown}
 e - a potion of haste {unknown}
 f - a potion of brilliance {unknown}
 h - 2 potions of mutation {unknown}
 i - 3 potions of magic
 l - a potion of ambrosia {unknown}
 o - a potion of degeneration {unknown}
 p - 2 potions of attraction {unknown}
 q - a potion of berserk rage {unknown}
 t - 4 potions of heal wounds {unknown}
 w - a potion of lignification {unknown}
 B - a potion of might {unknown}


   Skills:
 + Level 2.7 Fighting
 + Level 2.1 Throwing
 + Level 5.1 Dodging
 + Level 10.6 Stealth
 + Level 8.8 Unarmed Combat
 + Level 6.2 Evocations


You had 9 spell levels left.
You didn't know any spells.
Your spell library contained the following spells:

 Spells                   Type           Power      Damage    Failure   Level
 Apportation              Tloc           0%         N/A       24%         1
 Freeze                   Ice            0%         1d3       24%         1
 Necrotise                Necr           0%         1d4       24%         1
 Slow                     Hex            0%         N/A       24%         1
 Summon Small Mammal      Summ           0%         N/A       24%         1
 Ensorcelled Hibernation  Hex/Ice        0%         N/A       34%         2
 Passwall                 Tmut/Erth      0%         N/A       34%         2
 Static Discharge         Conj/Air       0%         2-2/arc   34%         2
 Confusing Touch          Hex            0%         N/A       56%         3
 Frozen Ramparts          Ice            0%         1d1       56%         3
 Hailstorm                Conj/Ice       0%         3d3       56%         3
 Swiftness                Air            0%         N/A       56%         3
 Vampiric Draining        Necr           0%         2d6       56%         3
 Airstrike                Air            0%         2d(0-16)  93%         4
 Summon Lightning Spire   Summ/Air       0%         N/A       93%         4


Dungeon Overview and Level Annotations

Branches:
Dungeon (8/15)             Temple (0/1) D:4
   Lair: D:8-11

Altars:
Gozag
Makhleb
Nemelex Xobeh
Okawaru
Ru
Trog
Uskayaw

Shops:
D:7 (

Annotations:
D:3 exclusion: downstairs
D:5 exclusion: ogre
D:7 exclusion: downstairs


Innate Abilities, Weirdness & Mutations

You cannot wear most types of armour.
You are amphibious.
You can wear up to eight rings at the same time.
Your skin changes colour to match your surroundings (Stealth+).
Your rubbery body absorbs attacks. (AC +1, EV +1)
((You are camouflaged when in or above water. (Stealth+)))
You have tentacles for arms and can constrict up to eight enemies at once.


Message History

The killer bee is lightly wounded.
The killer bee misses you. The howler monkey barely misses you.
The killer bee barely misses you.
You tentacle-slap the killer bee. Your grab misses the killer bee.
Your squeeze misses the killer bee.
The killer bee is lightly wounded.
The killer bee stings you! The howler monkey barely misses you.
The killer bee completely misses you.
You bludgeon the killer bee! Your grab misses the killer bee.
The killer bee is severely wounded.
The howler monkey hits you. The killer bee barely misses you.
You miss the killer bee. Your grab misses the killer bee.
The killer bee is severely wounded.
The killer bee stings you!
You are poisoned.
The killer bee poisons you!
The howler monkey hoots and howls with incredible vigour!
The killer bee barely misses you.
You barely miss the killer bee. Your grab misses the killer bee.
Your squeeze misses the killer bee.
The killer bee is severely wounded.
You feel sick. The killer bee barely misses you. The howler monkey misses you.
The killer bee stings you.
You miss the killer bee. Your grab misses the killer bee.
The killer bee is severely wounded.
You feel sick. The howler monkey closely misses you. The killer bee stings you.
* * * LOW HITPOINT WARNING * * *
You are more poisoned.
The killer bee poisons you!
You closely miss the killer bee. Your grab misses the killer bee.
Your squeeze misses the killer bee.
The killer bee is severely wounded.
You feel very sick. The killer bee stings you!
* * * LOW HITPOINT WARNING * * *
You are more poisoned.
The killer bee poisons you! The howler monkey barely misses you.
The killer bee stings you!
You die...
Your body crumbles into a pile of gold.

#....## ##.#.###
#.....# ##......##
#.....## #........#
#......# #........#
.#.....###........#
........#.........#
###..#...#........#
#.....##.##....h.##
......##..#.....@#
.......##.#.....y#
.......##.##.....#
......############
#######


You could see a howler monkey (catching breath) and a killer bee.

Vanquished Creatures
  Pikel (D:4)
  Joseph (D:7)
  A hornet (D:7)
  Sigmund (D:2)
  A yak (D:8)
  Menkaure (D:7)
  A water moccasin (D:8)
  2 ice beasts
  A black bear (D:6)
  3 ogres
  A centaur (D:7)
  2 phantoms
  2 bullfrogs
  A scorpion (D:6)
  3 killer bees (D:7)
  7 hounds
  3 jellies
  4 sleepcaps
  3 iguanas
  Robin (D:4)
  3 gnolls (D:3)
  8 adders
  A shadow imp (D:7)
  A white imp (D:7)
  An ufetubus (D:4)
  3 dart slugs
  8 orcs
  8 ball pythons
  4 bats
  9 endoplasms
  6 giant cockroaches
  16 goblins
  7 hobgoblins
  2 jackals (D:5)
  11 kobolds
  10 quokkas
  3 training dummies (D:7)
  2 frilled lizards
  5 rats
148 creatures vanquished.

Vanquished Creatures (collateral kills)
  A centaur (D:7)
  A worm (D:4)
  An orc (D:3)
3 creatures vanquished.

Vanquished Creatures (others)
  A yak (D:8)
  A sky beast (D:7)
  An orc priest (D:3)
  An adder (D:4)
  A goblin (D:4)
5 creatures vanquished.

Grand Total: 156 creatures vanquished

Notes
Turn   | Place    | Note
-------+----------+-------------------------------------------
     0 | D:1      | H0rd4k the Octopode Artificer began the quest for the Orb.
     0 | D:1      | Reached XP level 1. HP: 13/13 MP: 1/1
   182 | D:1      | Reached XP level 2. HP: 13/18 MP: 2/2
   593 | D:1      | Found a faded altar of an unknown god.
   703 | D:1      | Reached skill level 2 in Stealth
   703 | D:1      | Reached XP level 3. HP: 23/23 MP: 3/3
   711 | D:2      | Noticed Sigmund
   714 | D:2      | Killed Sigmund
   715 | D:2      | Reached skill level 4 in Stealth
   715 | D:2      | Reached XP level 4. HP: 28/28 MP: 4/4
   715 | D:2      | Reached XP level 5. HP: 33/33 MP: 5/5
   916 | D:2      | Reached XP level 6. HP: 38/38 MP: 6/6
  1444 | D:2      | Found a hide-covered altar of Uskayaw.
  1519 | D:2      | Reached skill level 5 in Stealth
  1974 | D:3      | Found a bloodstained altar of Trog.
  2623 | D:4      | Found a sacrificial altar of Ru.
  2643 | D:4      | Noticed Robin
  2827 | D:4      | Reached XP level 7. HP: 20/43 MP: 7/7
  2972 | D:4      | Found an opulent altar of Gozag.
  2983 | D:4      | Became a worshipper of Gozag Ym Sagoz the Greedy
  3055 | D:4      | Paralysed by a goblin for 5 turns
  3070 | D:4      | Paralysed by a goblin for 2 turns
  3078 | D:4      | Killed Robin
  3337 | D:4      | Found a staircase to the Ecumenical Temple.
  3354 | D:4      | Noticed Pikel
  3474 | D:4      | Killed Pikel
  3475 | D:4      | Reached skill level 7 in Stealth
  3475 | D:4      | Reached skill level 5 in Unarmed Combat
  3475 | D:4      | Reached skill level 5 in Evocations
  3475 | D:4      | Reached XP level 8. HP: 49/49 MP: 8/8
  3672 | D:4      | Found a sparkling altar of Nemelex Xobeh.
  4106 | D:5      | Entered Level 5 of the Dungeon
  4681 | D:5      | Found a hide-covered altar of Uskayaw.
  4684 | D:5      | Found a burning altar of Makhleb.
  4740 | D:5      | Found an iron altar of Okawaru.
  5146 | D:6      | Reached skill level 8 in Stealth
  5464 | D:6      | Reached XP level 9. HP: 19/54 MP: 9/9
  5987 | D:6      | Reached skill level 1 in Throwing
  6502 | D:7      | Noticed Menkaure
  6506 | D:7      | Killed Menkaure
  6528 | D:7      | Noticed a hornet
  6616 | D:7      | Noticed Joseph
  6813 | D:7      | Killed Joseph
  6814 | D:7      | Reached skill level 9 in Stealth
  7250 | D:7      | Found Eherph's Firing Range.
  7804 | D:7      | Killed a hornet
  7805 | D:7      | Reached skill level 5 in Dodging
  7808 | D:7      | Reached skill level 10 in Stealth
  8305 | D:8      | Reached XP level 10. HP: 20/61 MP: 10/10
  8540 | D:7      | Slain by a killer bee

Illustrated notes

Levels and vault maps discovered:
D:1:      minmay_arrival_cross, layout_loops_ring,
          hellmonk_ecumenical_altar_run_dry
D:2:      cheibrodos_fertilizer, layout_loops_ring, basic_altar, minmay_tripent,
          uniq_sigmund
D:3:      layout_basic, trog_butcher_becter, kennysheep_generic_room_6
D:4:      layout_loops_corners, mainiacjoe_overflow_alcove_2,
          mainiacjoe_overflow_catch_the_wave, temple_statues, uniq_pikel,
          uniq_robin
D:5:      layout_basic, nicolae_overflow_crystal_walls,
          chequers_temple_overflow_statue_of_worship,
          dreamdust_princess_corridor
D:6:      layout_loops_ring
D:7:      layout_cave_pods, dk_noncrumbling_3, small_statue_alley_b,
          nicolae_shop_firing_range, uniq_menkaure, uniq_joseph
D:8:      nicolae_hitomezashi [nicolae_hito_row, nicolae_hito_row,
          nicolae_hito_row, nicolae_hito_row, nicolae_hito_row,
          nicolae_hito_row, nicolae_hito_row, nicolae_hito_row,
          nicolae_hito_row, nicolae_hito_row, nicolae_hito_row,
          nicolae_hito_row, nicolae_hito_row, nicolae_hito_row,
          nicolae_hito_row, nicolae_hito_row, nicolae_hito_row,
          nicolae_hito_row], layout_basic, uniq_erica

Skill      XL: |  1  2  3  4  5  6  7  8  9 |
---------------+----------------------------+-----
Stealth        | 2 4 5 7 8 10 | 10.6
Dodging        | 3 4 5 |  5.1
Unarmed Combat | 2 4 5 6 8 |  8.8
Evocations     | 4 5 6 |  6.2
Fighting       | 2 |  2.7
Throwing       | 2 |  2.1

Action                     |  1- 3 |  4- 6 |  7- 9 | 10-12 || total
---------------------------+-------+-------+-------+-------++-------
  Melee: Unarmed           |    52 |   138 |   203 |    12 ||   405
         Constrict         |    10 |    33 |    36 |     1 ||    80
         Tentacles         |     4 |    28 |    53 |     1 ||    86
         Punch             |     1 |     4 |     9 |       ||    14
  Throw: Dart              |       |       |    18 |       ||    18
         Throwing net      |       |       |     1 |       ||     1
  Evoke: Wand              |     3 |    15 |    28 |     1 ||    47
    Use: Scroll            |       |       |    14 |       ||    14
   Stab: Sleeping          |     8 |    10 |    11 |       ||    29
         Paralysed         |       |       |    17 |       ||    17
         Invisible         |       |       |     1 |       ||     1
         Held in net/web   |       |       |     1 |       ||     1
 Armour: Skin              |     6 |     9 |     6 |     1 ||    22
  Dodge: Dodged            |    23 |    81 |   128 |    24 ||   256
